 Dungeon Crawl Stone Soup version 0.32-a0-643-ga006e7742e (webtiles) character file.

Game seed: 8069510418130673716

1285 Fodor the Cleaver (level 8, -2/60 (70) HPs)
             Began as a Minotaur Fighter on Mar 7, 2024.
             Was an Initiate of Gozag.
             Slain by a wight
             ... wielding a +0 battleaxe
              (3 damage)
             ... on level 6 of the Dungeon.
             The game lasted 00:16:47 (4823 turns).

Fodor the Cleaver (Minotaur Fighter)                Turns: 4823, Time: 00:16:48

HP:   -2/60 (70)    AC: 12    Str: 24    XL:     8   Next: 29%
MP:   0/7           EV:  9    Int:  5    God:    Gozag
Gold: 101           SH:  4    Dex:  9    Spells: 7/7 levels left

rFire   . . .        a - +0 war axe
rCold   . . .        c - +0 buckler
rNeg    . . .        b - +0 chain mail
rPois   .            (helmet unavailable)
rElec   .            (no cloak)
rCorr   .            (no gloves)
SInv    .            (no boots)
Will    .....        g - amulet of guardian spirit Stlth
                     (no ring)
HPRegen 0.30/turn    (no ring)
MPRegen 0.10/turn

%: guardian spirit
@: heavily drained
A: horns 3, retaliatory headbutt, claws 1, iridescent scales 1
a: Renounce Religion, Potion Petition, Call Merchant, Bribe Branch


You were on level 6 of the Dungeon.
You worshipped Gozag.
Gozag was aware of your devotion.
You visited 1 branch of the dungeon, and saw 6 of its levels.
You also visited: Ossuary.

You collected 666 gold pieces.
You spent 495 gold pieces at shops.
You paid 70 gold pieces to Gozag.

Inventory:

Hand Weapons
 a - a +0 war axe (weapon)
 x - a +0 shortbow
Armour
 b - a +0 chain mail (worn)
 c - a +0 buckler (worn)
Jewellery
 g - an amulet of guardian spirit (around neck)
Wands
 E - a wand of flame (24)
Scrolls
 e - 3 scrolls of revelation
 f - 2 scrolls of immolation
 i - 5 scrolls of vulnerability
 j - 2 scrolls of poison
 k - 6 scrolls of enchant weapon
 n - 2 scrolls of noise
 r - 2 scrolls of teleportation
 s - 5 scrolls of enchant armour
 t - a scroll of amnesia {unknown}
 v - a scroll of blinking {unknown}
 y - a scroll of fog {unknown}
 A - a scroll of brand weapon {unknown}
 B - 2 scrolls of butterflies
 C - 2 scrolls of identify
 D - a scroll of silence {unknown}
Potions
 d - 3 potions of might
 h - 3 potions of attraction
 l - a potion of mutation
 m - a potion of curing
 o - 2 potions of heal wounds {unknown}
 p - 3 potions of magic
 q - 3 potions of haste {unknown}
 u - a potion of lignification {unknown}
 w - 7 potions of degeneration
 z - 2 potions of brilliance {unknown}


   Skills:
 + Level 5.6 Fighting
 + Level 8.3 Axes
 + Level 6.8 Armour
 + Level 3.1 Dodging
 + Level 1.4 Stealth
 + Level 4.8 Shields


You had 7 spell levels left.
You didn't know any spells.
Your spell library contained the following spells:

 Spells                   Type           Power      Damage    Failure   Level
 Magic Dart               Conj           0%         1d3       97%         1
 Searing Ray              Conj           0%         2d4       99%         2
 Fulminant Prism          Conj/Alch      0%         3d5       100%        4


Dungeon Overview and Level Annotations

Branches:
Dungeon (6/15)            Ossuary (visited)
 Temple: D:4-7

Altars:
Gozag
Makhleb
Uskayaw
Vehumet
Yredelemnul

Shops:
D:1 ?:?   D:2 (   D:5 (


Innate Abilities, Weirdness & Mutations

You have a pair of large horns on your head.
You reflexively headbutt those who attack you in melee.
You have sharp fingernails.
You are partially covered in iridescent scales. (AC +2)


Message History

Found a stone staircase leading down and a stone staircase leading up.
The wight barely misses you. You furiously retaliate!
You headbutt the wight! The wight hits you with a +0 battleaxe!
You feel drained. The wight hits you but does no damage.
The wight closely misses you. You block the wight's attack.
The wight hits you with a +0 battleaxe. The wight attacks as it pursues you!
The wight hits you with a +3 scimitar!
* * * LOW HITPOINT WARNING * * *
The wight barely misses you. The wight hits you with a +3 trident!
* * * LOW HITPOINT WARNING * * *
The wight closely misses you. The wight attacks as it pursues you!
The wight hits you with a +0 flail!
* * * LOW HITPOINT WARNING * * *
The wight misses you.
It was a potion of mutation.
You feel extremely strange.
Your fingernails lengthen.
Iridescent scales grow over part of your body.
The horns on your head grow some more. The wight barely misses you.
You furiously retaliate!
You headbutt the wight. You block the wight's attack.
Unknown command.
It was a potion of magic.
Magic courses through your body. You block the wight's attack.
The wight closely misses you.
The wight hits you from afar with a +3 trident.
* * * LOW HITPOINT WARNING * * *
You feel drained.
* * * LOW HITPOINT WARNING * * *
You block the wight's attack.
It was a potion of curing.
You feel better. The wight hits you with a +0 flail.
* * * LOW HITPOINT WARNING * * *
You block the wight's attack. The wight closely misses you.
The wight hits you with a +3 scimitar!
* * * LOW HITPOINT WARNING * * *
You feel drained.
* * * LOW HITPOINT WARNING * * *
You feel better. The wight hits you with a +0 flail.
* * * LOW HITPOINT WARNING * * *
You feel drained. The wight hits you with a +0 battleaxe.
You die...
Your body crumbles into a pile of gold.

####.# .## ##....##...
### ##..#.....# ..#
#..?......#
#.#####....?....#
#.##............#. #.
#.#..##.zz........
#.#####........z@......#
#.#..........#..z......#
#...###....###..........
....# #....# #>.....$...
....# #.#### ####...<.##
....###.###### ..####
....<.......... .##
....##########. ## ....#


You could see 4 wights.

Vanquished Creatures
  A black bear (D:4)
  An ice beast (D:6)
  A centaur (D:4)
  A weeping skull (Ossuary)
  2 phantoms
  2 scorpions
  An elf zombie (Ossuary)
  A burial acolyte (Ossuary)
  2 hounds
  2 bombardier beetles (D:4)
  An orc priest (D:4)
  A jelly (D:4)
  4 iguanas
  An orc wizard (D:5)
  4 mummies (Ossuary)
  9 adders
  A shadow imp (D:5)
  A white imp (D:5)
  3 dart slugs
  A ribbon worm (D:2)
  9 orcs
  7 endoplasms
  7 giant cockroaches
  9 goblins
  7 hobgoblins
  6 jackals
  4 kobolds
  2 quokkas
  7 ball pythons
  3 bats (D:1)
  4 frilled lizards
  A gnoll zombie (Ossuary)
  4 kobold zombies (Ossuary)
  2 orc zombies (Ossuary)
  7 rats
119 creatures vanquished.

Notes
Turn   | Place    | Note
-------+----------+-------------------------------------------
     0 | D:1      | Fodor the Minotaur Fighter began the quest for the Orb.
     0 | D:1      | Reached XP level 1. HP: 19/19 MP: 0/0
    55 | D:1      | Found Xalocs's Magic Scroll Shoppe.
    67 | D:1      | Found Xofohuacwu's Book Emporium.
   119 | D:1      | Reached XP level 2. HP: 27/27 MP: 1/1
   375 | D:1      | Found Ketun's Magic Scroll Shoppe.
   388 | D:1      | Bought a scroll of identify for 20 gold pieces
   719 | D:2      | Reached skill level 3 in Axes
   719 | D:2      | Reached XP level 3. HP: 33/33 MP: 2/2
  1098 | D:2      | Found Usaof's Weapon Shop.
  1329 | D:2      | Found a basalt altar of Yredelemnul.
  1474 | D:3      | Reached XP level 4. HP: 40/40 MP: 3/3
  1503 | D:3      | Reached skill level 1 in Dodging
  2052 | D:3      | Reached skill level 5 in Armour
  2052 | D:3      | Reached XP level 5. HP: 43/46 MP: 4/4
  2255 | D:4      | Noticed a black bear
  2260 | D:4      | Killed a black bear
  2261 | D:4      | Reached skill level 4 in Axes
  2338 | D:4      | Found an opulent altar of Gozag.
  2356 | D:4      | Became a worshipper of Gozag Ym Sagoz the Greedy
  2493 | D:4      | Found a radiant altar of Vehumet.
  2493 | D:4      | Noticed a phantom
  2497 | D:4      | Killed a phantom
  2498 | D:4      | Reached skill level 5 in Axes
  2498 | D:4      | Reached XP level 6. HP: 53/53 MP: 5/5
  2917 | D:4      | Reached skill level 6 in Axes
  2917 | D:4      | Reached XP level 7. HP: 54/60 MP: 4/6
  3267 | D:4      | Found a hide-covered altar of Uskayaw.
  3402 | D:5      | Entered Level 5 of the Dungeon
  3402 | D:5      | Found a basalt altar of Yredelemnul.
  3479 | D:5      | Found a sand-covered staircase.
  3486 | Ossuary  | Entered an ossuary
  3512 | Ossuary  | Reached skill level 5 in Fighting
  3548 | Ossuary  | Reached skill level 7 in Axes
  3628 | Ossuary  | Reached skill level 1 in Stealth
  3842 | D:5      | Reached XP level 8. HP: 48/68 MP: 4/7
  4093 | D:5      | Reached skill level 8 in Axes
  4134 | D:5      | Found a burning altar of Makhleb.
  4187 | D:5      | Found Quboamm's Weapon Shop.
  4635 | D:1      | Bought a scroll of enchant armour for 75 gold pieces
  4635 | D:1      | Bought 3 scrolls of enchant weapon for 225 gold pieces
  4693 | D:1      | Bought a scroll of enchant weapon for 97 gold pieces
  4693 | D:1      | Bought a scroll of identify for 26 gold pieces
  4693 | D:1      | Bought a scroll of butterflies for 52 gold pieces
  4820 | D:6      | Gained mutation: You have sharp fingernails. [potion of
                  | mutation]
  4820 | D:6      | Gained mutation: You are partially covered in iridescent
                  | scales. (AC +2) [potion of mutation]
  4820 | D:6      | Gained mutation: You have a pair of large horns on your
                  | head. [potion of mutation]
  4821 | D:6      | HP: 3/64 [wight/+3 trident (1)]
  4823 | D:6      | HP: 1/61 [wight/+0 flail (6)]
  4823 | D:6      | Slain by a wight

Illustrated notes

Levels and vault maps discovered:
D:1:      dpeg_arrival_line_fractal, layout_basic, serial_shops,
          nicolae_book_shop_shelving, nicolae_shop_competitors_out_of_business,
          shop, minivault_5
D:2:      layout_loops_ring, basic_altar, serial_shops, shop
D:3:      layout_loops_ring
D:4:      layout_loops_ring, lemuel_round_altar,
          mainiacjoe_overflow_cross_hatched, minmay_ruined_shrine
D:5:      layout_gridville, mainiacjoe_overflow_boulevard,
          general_overflow_altar, serial_shops,
          nicolae_shop_bloodbath_and_beyond, enter_ossuary_1
D:6:      layout_rooms, trog_butcher_becter, uniq_jeremiah

Skill      XL: |  1  2  3  4  5  6  7  8 |
---------------+-------------------------+-----
Shields        | 4 |  4.8
Armour         | 4 5 6 |  6.8
Axes           | 3 5 6 7 8 |  8.3
Fighting       | 4 5 |  5.6
Dodging        | 1 2 3 |  3.1
Stealth        | 1 |  1.4

Action                     |  1- 3 |  4- 6 |  7- 9 || total
---------------------------+-------+-------+-------++-------
  Melee: War axe           |    90 |    99 |   112 ||   301
         Headbutt          |     9 |    16 |    20 ||    45
    Use: Scroll            |     4 |       |     5 ||     9
         Potion            |       |       |     4 ||     4
 Armour: Scale mail        |    81 |    66 |    44 ||   191
         Chain mail        |       |       |    39 ||    39
  Dodge: Dodged            |    41 |    50 |    50 ||   141
  Block: Buckler           |    27 |    22 |    22 ||    71

Table legend: (Time is in decaauts)
 A = Elapsed time spent in this place.
 B = Non-inter-level travel time spent in this place.
 C = Inter-level travel time spent in this place.
 D = Time resting spent in this place.
 E = Time spent auto-exploring this place.
 F = Levels seen in this place.
 G = Mean time per level.
                   A        B        C        D        E       F      G
               +--------+--------+--------+--------+--------+-----+--------+
         Total |   4906 |   4639 |    267 |    132 |   3075 |   7 |  700.9 |
       Dungeon |   4632 |   4365 |    267 |    132 |   2982 |   6 |  772.0 |
       Ossuary |    273 |    273 |      0 |      0 |     93 |   1 |  273.0 |
               +--------+--------+--------+--------+--------+-----+--------+

Top non-repeatable levels by time:
     D:4: 1205 daAuts
     D:5: 920 daAuts
     D:3: 823 daAuts
     D:2: 819 daAuts
     D:1: 816 daAuts
 Ossuary: 273 daAuts
     D:6: 47 daAuts
